 Dungeon Crawl Stone Soup version 0.31-a0-627-gd65175cf8b (webtiles) character file.

Game seed: 2290969132389982289

10523 MacCMillion the Grappler (level 11, -34/75 HPs)
             Began as an Octopode Shapeshifter on Aug 25, 2023.
             Was an Initiate of Gozag.
             Killed from afar by a fire dragon (64 damage)
             ... with a blast of flame
             ... on level 10 of the Dungeon.
             The game lasted 00:22:49 (13751 turns).

MacCMillion the Grappler (Octopode Shapeshifter)   Turns: 13751, Time: 00:22:49

Health: -34/75     AC:  5    Str: 18    XL:     11   Next: 63%
Magic:  11/11      EV: 15    Int: 12    God:    Gozag
Gold:   1706       SH:  0    Dex: 12    Spells: 10/10 levels left

rFire   x .          .
                       - Unarmed
rCold   . . .        (shield currently unavailable)
rNeg    + . .        (helmet restricted)
rPois   +            d - amulet of regeneration
rElec   .            n - ring of willpower
rCorr   .            K - +4 ring of protection
SInv    .            M - ring "Vivits" {Fly rPois rF- rN+}
Will    +....        (no ring)
Stlth   ++           (no ring)
HPRegen 1.12/turn    (no ring)
MPRegen 0.12/turn    (no ring)
                     (no ring)

%: no passive effects
@: flux-form, gold aura, flying, glowing
A: glow, contaminating, almost no armour, amphibious, 8 rings, camouflage 1,
gelatinous body 1, (nimble swimmer 1), tentacles
a: Begin Untransformation, Renounce Religion, Potion Petition, Call Merchant,
Bribe Branch


You were on level 10 of the Dungeon.
You worshipped Gozag.
Gozag was most pleased with you.
You were something dangerously unstable.
You visited 2 branches of the dungeon, and saw 11 of its levels.
You also visited: Sewer and Ossuary.

You collected 1851 gold pieces.
You spent 50 gold pieces at shops.
You paid 95 gold pieces to Gozag.

Inventory:

Missiles
 f - 7 javelins
 i - 10 boomerangs
 u - 18 poisoned darts
Armour
 J - a +0 hat
Jewellery
 d - an amulet of regeneration (around mantle)
 n - a ring of willpower (left tentacle)
 K - a +4 ring of protection (right tentacle)
 M - the ring "Vivits" (on tentacle) {Fly rPois rF- rN+}
   (You found it on level 10 of the Dungeon)

   [ring of flight]

   rF-:       It makes you vulnerable to fire.
   rPois:     It protects you from poison rN+: It protects you from negative
   energy.
   Fly:       It grants you flight.
Talismans
 b - a beast talisman
 c - a flux talisman (active)
Wands
 q - a wand of acid (9)
 s - a wand of paralysis (13)
 y - a wand of roots (10)
Scrolls
 a - 3 scrolls of blinking
 e - a scroll of enchant weapon
 g - 4 scrolls of revelation
 j - 5 scrolls of teleportation
 k - 3 scrolls of enchant armour {unknown}
 l - a scroll of immolation
 z - a scroll of poison {unknown}
 B - 5 scrolls of fear {unknown}
 D - a scroll of vulnerability {unknown}
 F - 4 scrolls of identify
 G - 2 scrolls of torment {unknown}
 I - a scroll of noise {unknown}
 L - a scroll of acquirement {unknown}
Potions
 h - 2 potions of mutation
 m - 3 potions of cancellation
 o - 3 potions of invisibility
 p - 3 potions of curing
 r - 4 potions of heal wounds
 t - a potion of attraction
 v - a potion of haste
 w - 3 potions of might
 x - a potion of resistance
 A - 3 potions of degeneration {unknown}
 C - 2 potions of ambrosia
 E - 3 potions of enlightenment {unknown}
 H - a potion of berserk rage {unknown}


   Skills:
 - Level 7.0 Fighting
 - Level 7.0 Dodging
 - Level 8.0 Stealth
 - Level 11.0 Unarmed Combat
 + Level 9.4 Shapeshifting


You had 10 spell levels left.
You didn't know any spells.
Your spell library contained the following spells:

 Spells                   Type           Power      Damage    Failure   Level
 Apportation              Tloc           0%         N/A       32%         1
 Freeze                   Ice            0%         1d3       32%         1
 Magic Dart               Conj           0%         1d3       32%         1
 Necrotise                Necr           0%         1d4       32%         1
 Slow                     Hex            0%         N/A       32%         1
 Summon Small Mammal      Summ           0%         N/A       32%         1
 Call Imp                 Summ           0%         N/A       45%         2
 Searing Ray              Conj           0%         2d4       45%         2
 Confusing Touch          Hex            0%         N/A       69%         3
 Frozen Ramparts          Ice            0%         1d1       69%         3
 Hailstorm                Conj/Ice       0%         3d3       69%         3
 Mephitic Cloud           Conj/Pois/Air  0%         N/A       69%         3
 Stone Arrow              Conj/Erth      0%         3d7       69%         3
 Vampiric Draining        Necr           0%         2d6       69%         3
 Fulminant Prism          Conj/Hex       0%         3d5       97%         4
 Lehudib's Crystal Spear  Conj/Erth      0%         10d2      100%        8
 Animate Armour           Summ/Erth      Unusable   N/A       N/A         4

Dungeon Overview and Level Annotations

Branches:
Dungeon (10/15)            Temple (1/1) D:5           Sewer (visited)
Ossuary (visited)
   Lair: D:8-11         Orc: D:9-12

Altars:
Ashenzari
Cheibriados
Dithmenos
Elyvilon
Gozag
Hepliaklqana
Kikubaaqudgha
Makhleb
Nemelex Xobeh
Okawaru
Qazlal
Ru
Sif Muna
Trog
Uskayaw
Vehumet
Wu Jian
Xom
Yredelemnul
Zin
The Shining One

Shops:
D:5 [[*

Portals:
Abyss: D:6

Annotations:
D:4 Eustachio
D:5 2 transporters, exclusion: orc, Vontreibholz's ghost, novice MiFi
D:6 2 transporters, ouz's ghost, novice DsFi
D:9 exclusion: centaur


Innate Abilities, Weirdness & Mutations

You are something dangerously unstable.
You glow with magical radiation, making you easy to see and hit.
Foes you strike become dangerously contaminated with magical radiation.
You are incapable of wielding weapons or throwing items.
You cannot wear most types of armour.
You are amphibious.
You can wear up to eight rings at the same time.
Your skin changes colour to match your surroundings (Stealth+).
Your rubbery body absorbs attacks. (AC +1, EV +1)
((You are camouflaged when in or above water. (Stealth+)))
You have tentacles for arms and can constrict up to eight enemies at once.


Message History

HP restored.
You now have 1706 gold pieces (gained 5).
You see here a +1 rapier of freezing.
You pick up a book of Debilitation and begin reading...
You add the spells Slow, Vampiric Draining and Confusing Touch to your library.
You see here a +2 heavy mace.
You see here a +3 scimitar of protection.
Found a runed falchion.
You see here a +2 antimagic orcbow.
Found a runed leather armour.
You see here a +4 heavy falchion.
M - the ring "Vivits" {Fly rPois rF- rN+} You fly up into the air.
M - the ring "Vivits" (on tentacle) {Fly rPois rF- rN+} You see here a +3 leather armour of fire resistance.
You see here a +2 whip of electrocution.
An efreet comes into view.
It is wielding a +2 scimitar of flaming.
You tentacle-slap the efreet.
The efreet begins to glow.
You squeeze the efreet.
The efreet is moderately wounded.
The efreet gestures at you.
The fireball explodes!
The fireball engulfs you!!! The fire burns you terribly!
Ouch! That really hurt!
The fireball engulfs the efreet.
The efreet completely resists.
You hear a deafening roar!
You are too injured to fight recklessly!
You tentacle-slap the efreet but do no damage.
The efreet glows dangerously bright.
You squeeze the efreet.
The efreet is moderately wounded.
You tentacle-slap the efreet.
The efreet shudders as magic cascades through it!!
You kill the efreet!
Unknown command.
You start resting.
A fire dragon comes into view.
The fire dragon breathes flames at you. The blast of flame hits you!!!
The fire burns you terribly!
Ouch! That really hurt!
You die...
Your body crumbles into a pile of gold.

...##..####...####.####......####
....##.......###.##..###.......##
.....##.....###)#)###. ##.....##.
......###.####.###))##. ###.###..
......####..#.##.###.##.#.....#.#
......#..#..#.#D# ##.#.#.#...#.#
#####...#.##..#.# #)#..........
......#.#..##.#.## ##.#.#...#.#..
......####.##.##B###.##.#.....#..
......###.####.##).[##. ###.###..
.....##.....###.#####.###.....##.
....##.......###.....###..#....##
...##.........####.####..##.....#
##.#...........# #..##...#.......
##.#.⌠.._._..⌠.###.#.#.#.........
.........#.............#......##.
...#.⌠.._._..⌠.#.#.###.##.#...##.


You could see a fire dragon (catching breath).

Vanquished Creatures
  Gastronok (D:8)
  A two-headed ogre (D:10)
  Nergalle (D:10)
  An ugly thing (D:10)
  Maggie (D:8)
  Jeremiah (D:6)
  An efreet (D:10)
  Psyche (D:8)
  A centaur simulacrum (D:10)
  A wraith (D:10)
  4 wyverns
  2 shadows
  7 yaks
  3 water moccasins
  Pargi (D:4)
  An ice beast (D:6)
  A sky beast (D:6)
  3 black bears
  4 orc warriors
  A centaur (D:10)
  2 phantoms (D:5)
  6 bullfrogs
  3 kobold brigands
  2 gnoll sergeants
  4 scorpions
  15 wights
  A howler monkey (D:9)
  A hound (D:5)
  2 jellies
  6 orc priests
  5 iguanas
  3 sleepcaps
  16 orc wizards
  13 mummies (Ossuary)
  12 gnolls
  10 adders
  A river rat (D:3)
  5 white imps
  An ufetubus (D:5)
  2 worms
  6 dart slugs
  34 orcs
  15 endoplasms
  13 giant cockroaches
  7 goblins
  4 hobgoblins
  4 jackals (D:1)
  21 kobolds
  14 quokkas
  16 ball pythons
  8 bats
  17 frilled lizards
  2 gnoll skeletons (Ossuary)
  A goblin skeleton (Ossuary)
  2 kobold skeletons (Ossuary)
  3 orc skeletons (Ossuary)
  6 rats
  11 rat skeletons (Ossuary)
331 creatures vanquished.

Notes
Turn   | Place    | Note
-------+----------+-------------------------------------------
     0 | D:1      | MacCMillion the Octopode Shapeshifter began the quest for
                  | the Orb.
     0 | D:1      | Reached XP level 1. HP: 13/13 MP: 1/1
    84 | D:1      | Reached skill level 1 in Stealth
   107 | D:1      | Reached XP level 2. HP: 6/18 MP: 2/2
   698 | D:1      | Reached XP level 3. HP: 17/23 MP: 3/3
  1355 | D:2      | Reached XP level 4. HP: 24/29 MP: 4/4
  1673 | D:3      | Found a hazy altar of Hepliaklqana.
  1750 | D:3      | Found a glowing drain.
  1773 | Sewer    | Entered a sewer
  2034 | Sewer    | Reached XP level 5. HP: 34/34 MP: 5/5
  2581 | Sewer    | Reached skill level 4 in Unarmed Combat
  2581 | Sewer    | Reached XP level 6. HP: 7/42 MP: 6/6
  3546 | D:4      | Noticed Eustachio
  3707 | D:4      | Noticed Pargi
  3721 | D:4      | Killed Pargi
  3749 | D:4      | Reached XP level 7. HP: 46/46 MP: 7/7
  4372 | D:5      | Entered Level 5 of the Dungeon
  4389 | D:5      | Reached skill level 5 in Unarmed Combat
  4436 | D:5      | Found Lacez's Armour Shoppe.
  4700 | D:5      | Found a staircase to the Ecumenical Temple.
  4710 | D:5      | Reached skill level 5 in Stealth
  4711 | Temple   | Entered the Ecumenical Temple
  4745 | Temple   | Became a worshipper of Gozag Ym Sagoz the Greedy
  4995 | D:5      | Found Ririh's Armour Shoppe.
  4995 | D:5      | Found Qentod's Assorted Antiques.
  5124 | D:5      | Reached XP level 8. HP: 54/54 MP: 8/8
  5220 | D:5      | Reached skill level 6 in Unarmed Combat
  5336 | D:5      | Noticed Vontreibholz's ghost (novice MiFi)
  5549 | D:5      | Reached skill level 5 in Dodging
  5684 | D:5      | Identified the +2 hand axe "Wiaqy" {pain, rC- Str+3 Int+2
                  | SInv Stlth+}
  5779 | D:5      | Found a transporter.
  5809 | D:5      | Found a transporter.
  6215 | D:6      | Reached skill level 5 in Fighting
  6240 | D:6      | Noticed a meliai
  6240 | D:6      | Noticed ouz's ghost (novice DsFi)
  6296 | D:6      | Found a one-way gate to the infinite horrors of the Abyss.
  6324 | D:6      | Found a transporter.
  6325 | D:6      | Found a transporter.
  6371 | D:6      | Reached skill level 7 in Unarmed Combat
  6472 | D:6      | Reached XP level 9. HP: 13/61 MP: 9/9
  6657 | D:6      | Noticed Jeremiah
  7003 | D:6      | Killed Jeremiah
  7260 | D:5      | Bought a scroll labelled UCZEIGU DANGIB for 25 gold pieces
  7260 | D:5      | Bought a scroll labelled UCZEIGU DANGIB for 25 gold pieces
  7643 | D:7      | Reached skill level 8 in Unarmed Combat
  8805 | D:7      | Reached skill level 5 in Shapeshifting
  9088 | D:8      | Found a sand-covered staircase.
  9093 | Ossuary  | Entered an ossuary
  9716 | D:8      | Noticed Psyche
  9772 | D:8      | Noticed Gastronok
  9789 | D:8      | Killed Gastronok
  9790 | D:8      | Reached skill level 9 in Unarmed Combat
  9790 | D:8      | Reached XP level 10. HP: 12/69 MP: 10/10
 10117 | D:8      | Found a bloodstained altar of Trog.
 10117 | D:8      | Found an ornate altar of the Wu Jian Council.
 10162 | D:8      | Noticed Maggie
 10356 | D:8      | Killed Psyche
 10740 | D:8      | Killed Maggie
 12054 | D:9      | Reached skill level 10 in Unarmed Combat
 12584 | D:10     | Entered Level 10 of the Dungeon
 12624 | D:9      | Reached XP level 11. HP: 51/75 MP: 11/11
 12961 | D:10     | Reached skill level 11 in Unarmed Combat
 13064 | D:10     | Noticed a two-headed ogre
 13078 | D:10     | Killed a two-headed ogre
 13303 | D:10     | Noticed Nergalle
 13311 | D:10     | Killed Nergalle
 13375 | D:10     | Found a burning altar of Makhleb.
 13376 | D:10     | Found a shimmering altar of Xom.
 13377 | D:10     | Found a hide-covered altar of Uskayaw.
 13377 | D:10     | Found a shimmering altar of Xom.
 13570 | D:10     | Noticed a cyan ugly thing
 13586 | D:10     | Killed a cyan ugly thing
 13736 | D:10     | Identified the ring "Vivits" {Fly rPois rF- rN+}
 13749 | D:10     | Noticed a fire dragon
 13751 | D:10     | Killed from afar by a fire dragon

Illustrated notes

Levels and vault maps discovered:
D:1:      nzn_arrival_depleted_hourglass, layout_rooms,
          hangedman_abyss_or_decor_stabs, dreamdust_wishing_well,
          minmay_misc_feat_columns, bh_walls_and_bars
D:2:      layout_loops_ring
D:3:      layout_basic, nicolae_hepliaklqana_hazy_memory,
          gup_sewer_entry_bubbles
D:4:      layout_basic, uniq_eustachio, uniq_pargi
D:5:      layout_loops_ring, marbit_many_paths, temple_green,
          gammafunk_ghost_stat_death, nicolae_shop_distant_corner_stores,
          kennysheep_diamond, minivault_14, hangedman_abyss_or_decor_lesser_grid
D:6:      layout_loops_cross, gammafunk_ghost_abyssal_escape, uniq_jeremiah
D:7:      layout_basic, minmay_misc_feat_five
D:8:      layout_loops_ring, gammafunk_temple_overflow_elements,
          nicolae_ossuary_entry_false_entrances, uniq_gastronok, uniq_psyche,
          uniq_maggie
D:9:      layout_long_grid
D:10:     minmay_the_grid_octo_tiled_octocenter [minmay_the_grid_octo_shrine,
          minmay_the_grid_octo_tetromino_candy,
          minmay_the_grid_octo_vomiting_pacman, minmay_the_grid_octo_odd_swirl,
          minmay_the_grid_octo_prize_single_spiral,
          minmay_the_grid_square_5x5_hourglass,
          minmay_the_grid_square_5x5_two_walls_a,
          minmay_the_grid_square_5x5_tie,
          minmay_the_grid_square_5x5_tetrominoes], layout_gridville,
          serial_shops, shop, minmay_lizard_king, uniq_nergalle
Temple:   regret_index_temple_chain_breaker

Skill      XL: |  1  2  3  4  5  6  7  8  9 10 11 |
---------------+----------------------------------+-----
Stealth        | 1 2 3 4 5 7 8 |  8.0
Fighting       | 2 3 4 5 6 7 |  7.0
Dodging        | 3 4 5 6 7 |  7.0
Unarmed Combat | 4 5 7 9 10 11 | 11.0
Shapeshifting  | 6 9 |  9.4

Action                     |  1- 3 |  4- 6 |  7- 9 | 10-12 || total
---------------------------+-------+-------+-------+-------++-------
  Melee: Unarmed           |    80 |   149 |   295 |   252 ||   776
         Constrict         |    25 |    25 |    72 |    58 ||   180
         Tentacles         |    11 |    23 |    86 |    80 ||   200
         Punch             |     3 |     7 |    17 |       ||    27
  Throw: Javelin           |       |     4 |       |       ||     4
  Evoke: Wand              |       |       |       |     1 ||     1
    Use: Scroll            |       |     7 |     7 |       ||    14
         Potion            |       |     2 |       |       ||     2
   Stab: Sleeping          |     8 |    20 |    28 |     4 ||    60
         Distracted        |       |     1 |     1 |     3 ||     5
         Paralysed         |       |       |       |     3 ||     3
 Armour: Skin              |    10 |    15 |    11 |    20 ||    56
  Dodge: Dodged            |    51 |    79 |   130 |   146 ||   406
   Form: Flux              |       |       |       |     1 ||     1

Table legend: (Time is in decaauts)
 A = Elapsed time spent in this place.
 B = Non-inter-level travel time spent in this place.
 C = Inter-level travel time spent in this place.
 D = Time resting spent in this place.
 E = Time spent auto-exploring this place.
 F = Levels seen in this place.
 G = Mean time per level.
                   A        B        C        D        E       F      G
               +--------+--------+--------+--------+--------+-----+--------+
         Total |  13670 |  13066 |    604 |   3839 |   6123 |  13 | 1051.5 |
       Dungeon |  11962 |  11396 |    566 |   3015 |   5899 |  10 | 1196.2 |
        Temple |     54 |     16 |     38 |      8 |      0 |   1 |   54.0 |
         Sewer |   1097 |   1097 |      0 |    601 |    119 |   1 | 1097.0 |
       Ossuary |    555 |    555 |      0 |    215 |    105 |   1 |  555.0 |
               +--------+--------+--------+--------+--------+-----+--------+

Top non-repeatable levels by time:
     D:7: 1827 daAuts
     D:5: 1696 daAuts
     D:8: 1632 daAuts
     D:6: 1298 daAuts
     D:9: 1223 daAuts
   Sewer: 1097 daAuts
     D:4: 1019 daAuts
     D:1: 993 daAuts
    D:10: 928 daAuts
     D:3: 711 daAuts
     D:2: 631 daAuts
 Ossuary: 555 daAuts
  Temple: 54 daAuts
